 Dungeon Crawl Stone Soup version 0.24-a0-346-ge062c78e24 (webtiles) character file.

Game seed: 12637269314557377177

8892 petercordiaNaga the Covert (level 11, -2/71 HPs)
             Began as a Naga Gladiator on May 22, 2019.
             Was a High Priest of Dithmenos.
             Killed from afar by a wretched star (17 damage)
             ... with an orb of energy
             ... in a Gauntlet.
             The game lasted 00:53:19 (14438 turns).

petercordiaNaga the Covert (Naga Gladiator)        Turns: 14438, Time: 00:53:20

Health: -2/71      AC: 17    Str: 17 (18) XL:     11   Next: 38%
Magic:  6/7        EV: 11    Int:  5      God:    Dithmenos [*****.]
Gold:   81         SH:  0    Dex:  9 (10) Spells: 6/10 levels left

rFire    + . .     SeeInvis +   P - +3 morningstar
rCold    . . .     Gourm    .   (no shield)
rNeg     . . .     Faith    .   D - +1 robe {MR+}
rPois    +         Spirit   .   c - +1 helmet
rElec    .         Reflect  .   K - +0 cloak
rCorr    +         Harm     .   j - +0 pair of gloves
MR       ++...     Rnd*Rage +   k - +2 naga barding {rF+} Stlth +++++++...NoTele +
                                b - amulet of the acrobat
HPRegen  0.21/turn              w - ring of resist corrosion
MPRegen  0.10/turn              (no ring)

@: berserk cooldown, very slightly contaminated, slowed, wreathed by umbra, very
slow
A: large, see invisible, [berserk 2], [clumsy 2], deformed body, [deterioration
2], dopey 1[+1], [frail 3], [low mp 3], poison resistance, [screaming 2],
slowness 2, slow metabolism 1, spit poison 1, AC +3
a: Spit Poison, Shadow Step, Shadow Form, Renounce Religion


You were in a Gauntlet.
You worshipped Dithmenos.
Dithmenos was extremely pleased with you.
You were near starving.

You visited 1 branch of the dungeon, and saw 11 of its levels.
You also visited: Gauntlet.

You collected 661 gold pieces.
You spent 580 gold pieces at shops.

Inventory:

Hand Weapons
 a - a +0 flail
 i - a +1 hand axe of chopping
 y - a +0 hunting sling
 C - the +7 hand crossbow "Wuxadghu" {elec, +Inv rPois Str-4, unknown}
   (You found it in a Gauntlet)

   It charges the ammunition it shoots with electricity; occasionally upon a
   hit, such missiles may discharge and cause terrible harm.
   It affects your strength (-4).
   It protects you from poison.
   It lets you turn invisible.
 G - a +0 hand crossbow
 N - a cursed +0 dire flail
 P - a +3 morningstar (weapon)
 Q - a +2 flail of holy wrath
Missiles
 d - 2 throwing nets
 o - 78 arrows
 p - 232 stones
 t - 10 poisoned darts
 B - 5 boomerangs
 F - 38 sling bullets
 J - 37 bolts
 S - 16 javelins
 V - 2 datura-tipped darts (quivered)
Armour
 c - a +1 helmet (worn)
 j - a +0 pair of gloves (worn)
 k - a +2 naga barding of fire resistance (worn)
 D - a +1 robe of magic resistance (worn)
 K - a +0 cloak (worn)
 M - the +1 ring mail of the Seven Moons {Regen+ Int+3}
   (You bought it in a shop on level 6 of the Dungeon)

   It affects your intelligence (+3).
   It increases your rate of regeneration.
 U - a +3 leather armour
Jewellery
 b - an amulet of the acrobat (around neck)
 w - a ring of resist corrosion (left hand)
Wands
 u - a wand of digging (14)
 H - a wand of enslavement (7)
 T - a wand of random effects (3)
Scrolls
 l - a scroll of identify
 m - a scroll of noise
 n - a scroll of fear
 q - 3 scrolls of remove curse
 v - 3 scrolls of immolation
 x - a scroll of enchant weapon
 z - 4 scrolls of amnesia
 O - a scroll of holy word
Potions
 e - 2 potions of might
 g - a potion of brilliance
 h - 3 potions of curing
 s - 2 potions of mutation
 I - a potion of berserk rage
 L - a potion of magic {unknown}
 R - a potion of lignification {unknown}
 W - a potion of degeneration {unknown}
Comestibles
 f - 12 rations


   Skills:
 + Level 7.7 Fighting
 * Level 9.4 Maces & Flails
 - Level 1.8 Throwing
 + Level 5.0 Armour
 * Level 8.0 Dodging
 + Level 10.9 Stealth


You had 6 spell levels left.
You knew the following spells:

 Your Spells              Type           Power        Failure   Level  Hunger
a - Summon Ice Beast      Ice/Summ       #.......     99%         4    #####..

Your spell library contained the following spells:

 Spells                   Type           Power        Failure   Level  Hunger
 Freeze                   Ice            #...         47%         1    ##.....
 Throw Frost              Conj/Ice       #.....       63%         2    ###....
 Ozocubu's Armour         Chrm/Ice       #.......     85%         3    ####...
 Throw Icicle             Conj/Ice       #.......     99%         4    #####..


Dungeon Overview and Level Annotations

Branches:
Dungeon (11/15)            Temple (0/1) D:6            Lair (0/6) D:11
    Orc (0/2) D:10

Altars:
Ashenzari
Dithmenos

Shops:
D:4 [   D:6 [   D:7 [   D:8 }   D:9 *

Annotations:
D:8 white ugly thing
D:9 water flying vault
D:10 - rC+ ghost vault, 3 runed translucent doors, Zenobius's ghost, journeyman DsAs Gauntlet 7 transporters


Innate Abilities, Weirdness & Mutations

You cannot wear boots.
Your serpentine skin is tough. (AC +3)
You have supernaturally acute eyesight. (SInv)
Armour fits poorly on your strangely shaped body.
Your system is resistant to poisons. (rPois)
You cover ground very slowly.
You have a slow metabolism.
You can spit poison.
[You often lose your temper in combat.]
[You are very clumsy. (Dex -4)]
[Your body often deteriorates upon taking damage.]
[You are very dopey. (Int -4)]
[You are extremely frail. (-30% HP)]
[Your magical capacity is extremely low. (-30% MP)]
[You sometimes yell uncontrollably at your foes.]


Message History

Okay, then.
Unknown command.
Unknown command.
Unknown command.
Evoke which item? (* to show all) (? for menu, Esc to quit)
Aiming: Random Effects
Press: ? - help, Shift-Dir - straight line, f - wretched star
Aim: a wretched star (black smoke, almost destroyed, umbra)
The bolt of poison misses the wretched star.
You are near starving!
The wretched star glows turbulently.
The orb of energy misses you.
Evoke which item? (* to show all) (? for menu, Esc to quit)
Aiming: Random Effects
Press: ? - help, Shift-Dir - straight line, f/p - wretched star
Aim: a wretched star (black smoke, almost destroyed, umbra)
The wretched star seems to speed up.
The wretched star glows turbulently.
The orb of energy hits you!
You die...

........#...#.........#..#...##.
#########...###########..#...#
..........≈.............≈#.©.#
.........≈8≈............∩#......
..........≈.............≈#.©.##.
#########...###########..#...#
........#...#....§§..x#..#...#
#.....#.#...#.§##*##..#..#.8...
.##.##..#####.#§@#..#(#..#...##
.##.##..#...#.#§§#..#.#..#.8.#
.#.©.#.©#©.©#..#####*©#
.##.##..#...#.#..#..#!#
.##.##..#####.#..#.x#=#
#.....#.#...#..##.##..#
........#.8.#........3#
#########...###########
.......................


You could see a wretched star.

Vanquished Creatures
  2 two-headed ogres
  A necromancer (Gauntlet)
  A hippogriff (D:10)
  A raiju (Gauntlet)
  A small abomination (Gauntlet)
  Sigmund (D:3)
  4 yaks (D:9)
  5 humans (D:10)
  A hungry ghost (D:9)
  2 steam dragons (Gauntlet)
  2 neqoxecs (Gauntlet)
  A water moccasin (D:8)
  5 orc warriors (D:10)
  3 ice beasts
  3 black bears (D:8)
  A necrophage (D:10)
  A sky beast (D:8)
  6 ogres
  A centaur (D:10)
  4 wolves (Gauntlet)
  A big kobold (D:8)
  Blork the orc (D:4)
  A wyvern zombie (D:10)
  7 killer bees
  3 scorpions
  4 wights (D:7)
  A vampire bat (D:5)
  A howler monkey (D:9)
  3 crimson imps
  3 hounds
  5 orc wizards
  2 gnoll shamans
  4 orc priests
  Crazy Yiuf (D:4)
  4 jellies
  A bullfrog skeleton (D:8)
  A centaur skeleton (D:8)
  2 iguanas
  8 worker ants
  2 hound skeletons
  A hound zombie (D:5)
  A worker ant zombie (D:8)
  14 gnolls
  A howler monkey skeleton (D:9)
  12 adders
  2 oozes (D:1)
  2 adder zombies
  A worm (D:2)
  4 adder skeletons
  2 dart slugs
  5 leopard geckos
  32 orcs
  A ball python (D:1)
  8 giant cockroaches
  8 goblins
  9 hobgoblins
  15 jackals
  4 quokkas
  15 bats
  2 frilled lizards
  8 kobolds
  2 leopard gecko skeletons
  2 quokka skeletons
  6 rats
258 creatures vanquished.

Vanquished Creatures (collateral kills)
  A two-headed ogre (D:8)
  An orc wizard (D:10)
  An orc priest (D:10)
  An orc (D:10)
4 creatures vanquished.

Vanquished Creatures (others)
  23 withered plants (Gauntlet)
23 creatures vanquished.

Grand Total: 285 creatures vanquished

Notes
Turn   | Place    | Note
-------+----------+-------------------------------------------
     0 | D:1      | petercordiaNaga the Naga Gladiator began the quest for the
                  | Orb.
     0 | D:1      | Reached XP level 1. HP: 19/19 MP: 1/1
    15 | D:1      | Reached XP level 2. HP: 13/26 MP: 2/2
   511 | D:1      | Reached XP level 3. HP: 32/32 MP: 3/3
  1132 | D:2      | Found a faded altar of an unknown god.
  1140 | D:2      | Became a worshipper of Dithmenos the Shadowed
  1140 | D:2      | Reached * piety under Dithmenos
  1314 | D:2      | Reached XP level 4. HP: 32/40 MP: 4/4
  2158 | D:3      | Reached skill level 1 in Stealth
  2271 | D:3      | Reached XP level 5. HP: 32/49 MP: 5/5
  2462 | D:2      | Reached skill level 1 in Armour
  2466 | D:2      | Reached ** piety under Dithmenos
  2611 | D:3      | Noticed Sigmund
  2616 | D:3      | Killed Sigmund
  2616 | D:3      | Reached skill level 3 in Stealth
  2616 | D:3      | Reached XP level 6. HP: 54/56 MP: 6/6
  3519 | D:4      | Reached XP level 7. HP: 32/63 MP: 7/7
  3520 | D:4      | Reached skill level 4 in Stealth
  3766 | D:4      | Noticed Blork the orc
  4074 | D:4      | Found a runed translucent door.
  4075 | D:4      | Noticed Crazy Yiuf
  4084 | D:4      | Killed Crazy Yiuf
  4333 | D:5      | Entered Level 5 of the Dungeon
  4655 | D:4      | Found Biduy's Armour Shop.
  4666 | D:4      | Reached skill level 5 in Stealth
  4674 | D:4      | Reached skill level 5 in Maces & Flails
  5000 | D:5      | Reached XP level 8. HP: 52/73 MP: 8/8
  5332 | D:5      | Reached skill level 6 in Stealth
  5410 | D:5      | Reached *** piety under Dithmenos
  5459 | D:5      | Reached skill level 5 in Fighting
  6075 | D:6      | Found Gesog's Antique Armour Boutique.
  6089 | D:6      | Bought a brightly glowing ring mail for 270 gold pieces
  6099 | D:6      | Identified the +1 ring mail of the Seven Moons {Regen+
                  | Int+3} (You bought it in a shop on level 6 of the Dungeon)
  6130 | D:6      | Found a shattered altar of Ashenzari.
  6160 | D:6      | Found a staircase to the Ecumenical Temple.
  6414 | D:6      | Reached skill level 5 in Dodging
  6747 | D:7      | Reached skill level 7 in Stealth
  6945 | D:7      | Reached XP level 9. HP: 80/81 MP: 9/9
  7303 | D:7      | Found a shattered altar of Ashenzari.
  7659 | D:7      | Reached **** piety under Dithmenos
  7728 | D:7      | Reached skill level 8 in Stealth
  7825 | D:7      | Found Zidwimut's Armour Boutique.
  8228 | D:8      | Noticed a two-headed ogre
  8497 | D:8      | Noticed a white ugly thing
  8541 | D:8      | Noticed a two-headed ogre
  8564 | D:8      | Killed a two-headed ogre
  8564 | D:8      | Reached skill level 9 in Stealth
  8564 | D:8      | Reached XP level 10. HP: 23/92 MP: 10/10
  9065 | D:8      | Killed a two-headed ogre
  9157 | D:8      | Found Sisomoli's Gadget Shop.
  9606 | D:9      | Found Ivocuwom's Assorted Antiques.
  9610 | D:9      | Bought a scroll labeled OTOFAYTONE for 27 gold pieces
  9610 | D:9      | Bought a scroll labeled OTOFAYTONE for 27 gold pieces
  9610 | D:9      | Bought a scroll labeled AKIDECW EPNE for 27 gold pieces
  9610 | D:9      | Bought a scroll labeled IJUFAMNOCK for 27 gold pieces
  9610 | D:9      | Bought a scroll labeled TEIBYT WEHONTI for 27 gold pieces
  9610 | D:9      | Bought a worn lead wand for 108 gold pieces
  9845 | D:9      | Reached ***** piety under Dithmenos
 10670 | D:10     | Entered Level 10 of the Dungeon
 10712 | D:10     | Noticed Zenobius's ghost (journeyman DsAs)
 10724 | D:10     | Noticed a two-headed ogre
 10731 | D:10     | Killed a two-headed ogre
 10731 | D:10     | Reached skill level 10 in Stealth
 10940 | D:10     | Found a staircase to the Orcish Mines.
 11519 | D:10     | Reached XP level 11. HP: 100/100 MP: 11/11
 11779 | D:10     | Found a runed translucent gate.
 11779 | D:10     | Found a runed translucent gate.
 11779 | D:10     | Found a runed translucent gate.
 12136 | D:9      | Identified a scroll of acquirement
 12326 | D:7      | Bought a +0 pair of gloves for 67 gold pieces
 13373 | D:4      | Killed Blork the orc
 13771 | D:11     | Found a gate leading to a gauntlet.
 13795 | Gauntlet | Entered a Gauntlet
 13795 | Gauntlet | Found a transporter.
 13795 | Gauntlet | Found a transporter.
 13797 | Gauntlet | Found a transporter.
 13799 | Gauntlet | Found a transporter.
 13813 | Gauntlet | Found a transporter.
 13815 | Gauntlet | Found a transporter.
 13816 | Gauntlet | Noticed a fire crab
 13822 | Gauntlet | Noticed a reaper
 13823 | Gauntlet | Found a transporter.
 13910 | Gauntlet | Noticed a necromancer
 13915 | Gauntlet | Found a transporter.
 13915 | Gauntlet | Found a transporter.
 13926 | Gauntlet | Found a transporter.
 13929 | Gauntlet | Found a transporter.
 13938 | Gauntlet | Noticed a wretched star
 13940 | Gauntlet | Found a transporter.
 14006 | Gauntlet | Killed a necromancer
 14299 | Gauntlet | Reached skill level 5 in Armour
 14375 | Gauntlet | Got a shimmering hand crossbow
 14385 | Gauntlet | Learned a level 4 spell: Summon Ice Beast
 14413 | Gauntlet | Gained mutation: [You are dopey. (Int -2)] [a neqoxec]
 14438 | Gauntlet | Killed from afar by a wretched star

Levels and vault maps discovered:
D:1:      scummos_arrival_simple_fountains, layout_loops_ring
D:2:      layout_loops_ring, chequers_ecumenical_altar_simple_redux, st_stairs_6
D:3:      layout_loops_cross, minmay_misc_feat_enclosed, uniq_sigmund
D:4:      layout_cave_pods, first_ration, serial_shops, shop,
          uniq_crazy_yiuf_cottage, uniq_blork_the_orc
D:5:      layout_basic, roderic_batcave, dk_noncrumbling_4, st_stairs_14
D:6:      layout_rooms, ashenzari_conservatory_becter, minmay_temple_entry_tees,
          serial_shops, shop
D:7:      layout_loops_ring, serial_shops, nicolae_shop_waterfront, basic_altar
D:8:      layout_basic, serial_shops, nicolae_shop_stone
D:9:      layout_basic, serial_rivers, chequers_serial_rivers_micro_b,
          chequers_serial_rivers_small_b, chequers_serial_rivers_marsh,
          chequers_serial_rivers_large_a, serial_shops, shop
D:10:     layout_loops_ring, david_orc_2, gammafunk_ghost_icy, minmay_ruffians
D:11:     layout_loops_corners, dpeg_oklobed_lair, gauntlet_entry_generic,
          grunt_livestock
Gauntlet: gammafunk_gauntlet_hard_choice [gammafunk_gauntlet_arena_teeth,
          gammafunk_gauntlet_arena_arrow_garden,
          gammafunk_gauntlet_arena_split_x, nicolae_gauntlet_arena_blocks,
          gammafunk_gauntlet_arena_hedges, nicolae_gauntlet_arena_quarters,
          gauntlet_exit_hidden_loot]

Skill      XL: |  1  2  3  4  5  6  7  8  9 10 11 |
---------------+----------------------------------+-----
Dodging        | 3 4 5 6 7 8 |  8.0
Fighting       | 3 4 5 6 7 |  7.7
Stealth        | 1 3 5 7 9 10 | 10.9
Armour         | 1 2 3 4 5 |  5.0
Maces & Flails | 4 5 6 7 8 9 |  9.4
Throwing       | |  1.8

Action                   |  1- 3 |  4- 6 |  7- 9 | 10-12 || total
-------------------------+-------+-------+-------+-------++-------
Melee: Flail             |    95 |   125 |   317 |       ||   537
       Morningstar       |       |       |   115 |   310 ||   425
Throw: Throwing net      |     1 |     1 |     2 |       ||     4
       Stone             |       |    11 |    28 |    35 ||    74
       Dart              |       |       |       |    12 ||    12
       Boomerang         |       |       |       |     5 ||     5
 Cast: Summon Ice Beast  |       |       |       |     2 ||     2
 Abil: Spit Poison       |     4 |     6 |    30 |    10 ||    50
Evoke: Wand              |       |       |       |     5 ||     5
  Use: Potion            |       |       |     2 |     5 ||     7
       Scroll            |       |       |       |    23 ||    23
 Stab: Sleeping          |       |     2 |    10 |     7 ||    19
       Invisible         |       |       |       |     1 ||     1
  Eat: Chunk             |       |     7 |    15 |    11 ||    33
       Ration            |       |       |       |     2 ||     2
Armor: Leather armour    |    35 |    19 |       |       ||    54
       Robe              |       |    18 |   120 |    96 ||   234
Dodge: Dodged            |    76 |   100 |   451 |   285 ||   912

Table legend:
 A = Non-vault XP
 B = Vault XP
 C = Vault XP percentage of total XP
 D = Non-vault monster count
 E = Vault monster count
 F = Vault count percentage of total count
                 A         B        C        D         E       F
            +---------+---------+-------+---------+---------+-------
      Total |    8660 |    4044 |  31.8 |     223 |      39 |  14.9
            +---------+---------+-------+---------+---------+-------
        D:1 |      68 |       0 |   0.0 |      24 |       0 |   0.0
        D:2 |      53 |       3 |   5.4 |      20 |       2 |   9.1
        D:3 |      88 |     212 |  70.7 |      19 |       1 |   5.0
        D:4 |     560 |     124 |  18.1 |      17 |       2 |  10.5
        D:5 |     559 |      70 |  11.1 |      21 |      10 |  32.3
        D:6 |     465 |       0 |   0.0 |      23 |       0 |   0.0
        D:7 |    1092 |       0 |   0.0 |      30 |       0 |   0.0
        D:8 |    2658 |       0 |   0.0 |      37 |       0 |   0.0
        D:9 |    1193 |       0 |   0.0 |      16 |       0 |   0.0
       D:10 |    1924 |    1486 |  43.6 |      16 |      13 |  44.8
   Gauntlet |       0 |    2149 | 100.0 |       0 |      11 | 100.0
            +---------+---------+-------+---------+---------+-------
